 Dungeon Crawl Stone Soup version 0.18.1-50-g88ac8fd (webtiles) character file.

756 lorenzova the Thaumaturge (level 7, -7/36 HPs)
             Began as a Deep Elf Conjurer on Oct 13, 2016.
             Mangled by lorenzova's ghost (21 damage)
             ... on level 5 of the Dungeon.
             The game lasted 00:11:17 (6029 turns).

lorenzova the Thaumaturge (Deep Elf Conjurer)       Turns: 6029, Time: 00:11:18

Health: -7/36      AC:  5    Str:  5    XL:     7   Next: 50%
Magic:  2/20       EV: 13    Int: 22    God:
Gold:   151        SH:  0    Dex: 15    Spells: 2 memorised, 17 levels left

rFire  . . .     SeeInvis .     d - +0 dagger
rCold  . . .     Gourm    .     a - +0 robe
rNeg   . . .     Faith    .     (no shield)
rPois  .         Spirit   .     (no helmet)
rElec  .         Dismiss  .     (no cloak)
rCorr  .         Reflect  .     o - +0 pair of gloves
SustAt .         Harm     .     (no boots)
MR     .....                    (no amulet)
Stlth  ++........               (no ring)
                                u - +2 ring of protection

@: very slightly contaminated, not resistant to hostile enchantments, unstealthy
A: no striking features
a: no special abilities


You were on level 5 of the Dungeon.
You were hungry.

You visited 2 branches of the dungeon, and saw 6 of its levels.

You collected 151 gold pieces.

Inventory:

Hand Weapons
 d - a +0 dagger (weapon)
Armour
 a - a +0 robe (worn)
 o - a +0 pair of gloves (worn)
Jewellery
 u - a +2 ring of protection (left hand)
Scrolls
 e - 2 scrolls of amnesia {unknown}
 f - 5 scrolls of teleportation {unknown}
 g - 2 scrolls of enchant armour {unknown}
 h - 3 scrolls of fog {unknown}
 i - a scroll of noise {unknown}
 j - a scroll of enchant weapon {unknown}
 q - 3 scrolls of identify {unknown}
 s - a scroll of recharging {unknown}
 v - a scroll of remove curse {unknown}
 x - a scroll of brand weapon {unknown}
Potions
 k - 4 potions of heal wounds {unknown}
 l - 2 potions of curing {unknown}
 m - 2 potions of magic {unknown}
 n - a potion of mutation {unknown}
 p - a potion of degeneration {unknown}
 w - a potion of lignification {unknown}
Books
 b - a book of Conjurations

   Spells                             Type                      Level
   a - Magic Dart                     Conjuration                  1
   b - Searing Ray                    Conjuration                  2
   c - Dazzling Spray                 Conjuration/Hexes            3
   d - Fulminant Prism                Conjuration/Hexes            4
   e - Iskenderun's Mystic Blast      Conjuration                  4
   f - Iskenderun's Battlesphere      Conjuration/Charms           5
Comestibles
 c - 4 bread rations
 r - 2 slices of pizza
 t - 2 beef jerkies


   Skills:
 - Level 2.4 Dodging
 - Level 2.4 Stealth
 + Level 8.2 Spellcasting
 + Level 7.9 Conjurations


You had 17 spell levels left.
You knew the following spells:

 Your Spells              Type           Power        Failure   Level  Hunger
a - Magic Dart            Conj           ####         1%          1    None
b - Iskenderun's Mystic   Conj           #####...     3%          4    ###....


Dungeon Overview and Level Annotations

Branches:
Dungeon (5/15)             Temple (1/1) D:4

Altars:
Cheibriados
Dithmenos
Elyvilon
Fedhas
Gozag
Kikubaaqudgha
Makhleb
Nemelex Xobeh
Okawaru
Pakellas
Qazlal
Ru
Trog
Xom
Yredelemnul
Zin
The Shining One

Shops:
D:5 :*

Annotations:
D:5 lorenzova's ghost, novice TrMo


Message History

Press: ? - help, Shift-Dir - straight line, f/p - lorenzova's ghost
Aim: lorenzova's ghost (moderately damaged)
The orb of energy hits lorenzova's ghost.
Lorenzova's ghost is heavily damaged.
The orb of energy explodes!
Lorenzova's ghost hits you!!
Ouch! That really hurt!
Casting: Iskenderun's Mystic Blast
Confirm with . or Enter, or press ? or * to list all spells.
You don't have enough magic to cast that spell.
Lorenzova's ghost is nearby!
Casting: Iskenderun's Mystic Blast
Confirm with . or Enter, or press ? or * to list all spells.
Aiming: Magic Dart
Press: ? - help, Shift-Dir - straight line, f/p - lorenzova's ghost
Aim: lorenzova's ghost (heavily damaged)
The magic dart hits lorenzova's ghost.
Lorenzova's ghost is heavily damaged.
Lorenzova's ghost hits you!!
Ouch! That really hurt!
You die...

##### #........+ .# .....##
#.......♣#+# .### .......
#.......♣♣.♣ ... ...#.##
#>.........##.###
..#..####...............#
##.#.......###..##....#.#
###.....W....#∩#...#..#.#
#......#####[#'#...#..#.#..
....∩.?...# ##W@..........#
..###..##o# #####...#.#..#
#.. #..#######...#.#...#
... #...........#.##..#
..#. ###...<.....#.. .##
#.#.. #.........##. # .. [.
#.............
#.....)..#....
#........#....


You could see lorenzova's ghost.

Vanquished Creatures
  3 ogres (D:4)
  A hound (D:3)
  A giant frog skeleton (D:3)
  2 orc priests (D:3)
  3 orc wizards
  3 worker ants (D:4)
  A mummy (D:4)
  7 adders
  4 gnolls (D:3)
  An ooze (D:1)
  An adder skeleton (D:4)
  3 worms (D:2)
  3 dart slugs
  A giant gecko (D:1)
  15 orcs
  3 giant cockroaches
  7 goblins
  6 hobgoblins
  4 jackals (D:4)
  2 quokkas
  2 ball pythons
  6 bats
  4 giant newts
  11 kobolds
  2 quokka skeletons (D:4)
  8 rats
104 creatures vanquished.

Notes
Turn   | Place    | Note
--------------------------------------------------------------
     0 | D:1      | lorenzova the Deep Elf Conjurer began the quest for the Orb.
     0 | D:1      | Reached XP level 1. HP: 10/10 MP: 6/6
   277 | D:1      | Reached XP level 2. HP: 15/15 MP: 4/8
   960 | D:1      | Reached skill level 4 in Spellcasting
  1206 | D:1      | Reached XP level 3. HP: 19/19 MP: 1/10
  1212 | D:1      | Reached skill level 5 in Conjurations
  1874 | D:2      | Reached XP level 4. HP: 24/24 MP: 10/12
  2239 | D:2      | Learned a level 4 spell: Iskenderun's Mystic Blast
  2622 | D:3      | Reached skill level 5 in Spellcasting
  2885 | D:3      | Reached XP level 5. HP: 28/28 MP: 5/14
  3380 | D:3      | Reached skill level 6 in Spellcasting
  3792 | D:3      | Found an oddly glowing altar of Pakellas.
  3862 | D:3      | Reached XP level 6. HP: 32/32 MP: 3/17
  4323 | D:4      | Found a staircase to the Ecumenical Temple.
  4334 | D:4      | Reached skill level 7 in Spellcasting
  4399 | Temple   | Entered the Ecumenical Temple
  4651 | D:4      | Reached XP level 7. HP: 36/36 MP: 3/19
  4832 | D:4      | Found a glowing golden altar of the Shining One.
  4834 | D:4      | Found an ancient bone altar of Kikubaaqudgha.
  4846 | D:4      | Found an iron altar of Okawaru.
  4988 | D:4      | Reached skill level 8 in Spellcasting
  5456 | D:4      | Found a snail-covered altar of Cheibriados.
  5968 | D:5      | Entered Level 5 of the Dungeon
  5978 | D:5      | Found Sijam's Assorted Antiques.
  6009 | D:5      | Found Menkywaech's Book Boutique.
  6013 | D:5      | Noticed lorenzova's ghost (novice TrMo)
  6029 | D:5      | Mangled by lorenzova's ghost

Skill      XL: |  1  2  3  4  5  6  7 |
---------------+----------------------+-----
Spellcasting   | 4 5 6 7 8 |  8.2
Conjurations   | 5 6 7 |  7.9
Dodging        | |  2.4
Stealth        | |  2.4

Action                   |  1- 3 |  4- 6 |  7- 9 || total
-------------------------+-------+-------+-------++-------
Melee: Dagger            |     2 |     2 |     1 ||     5
 Cast: Magic Dart        |    80 |   127 |    80 ||   287
       Iskenderun's Myst |       |    11 |     5 ||    16
  Eat: Chunk             |     3 |     9 |     4 ||    16
Armor: Robe              |       |     3 |     4 ||     7
Dodge: Dodged            |     4 |    14 |     7 ||    25
